[ PARTIDA AOE2 · #488246707 ]
UnrankedMongoles vs Malay
Equipo del jugador · VICT
Equipo rival · DERR
[ ANÁLISIS DE REPETICIÓN · EXTRAÍDO DE LA PARTIDA GRABADA ]
Feudal
8:06
Castillos
—
Imperial
—
| APM promedio | 51.2 |
| APM pico | 63 |
| eAPM promedio | 21.8 |
| Aldeanos / militares | 29 / 5 |
Foco
⚔️ 18.7% · 🌾 81.3%
Scout Cavalry ×4 · Spearman ×1
Feudal
9:36
Castillos
—
Imperial
—
| APM promedio | 26.9 |
| APM pico | 60 |
| eAPM promedio | 13.8 |
| Aldeanos / militares | 23 / 4 |
Foco
⚔️ 23.6% · 🌾 76.4%
Militia ×3 · Spearman ×1
Mapa de la partida
Recursos iniciales + cada clic de construcción. Líneas = muros · curvas = relieve. ◆ oro · ⬟ piedra · ● bayas · ✦ reliquia · ◌ hueco del cierre
Tu base
Base de Smiling Jimmy
Terreno inicial suavizado · ◌ = hueco del cierre detectado · pasá el cursor para detalles
Inputs por minuto
— HellionBlue - - Smiling Jimmy
Build order — HellionBlue
54 acciones detectadas en el replay
| 0:01 | Crear | Villager (Male) |
| 0:01 | Crear | Villager (Male) |
| 0:01 | Crear | Villager (Male) |
| 0:02 | Construir | House |
| 0:03 | Crear | Villager (Male) |
| 0:03 | Crear | Villager (Male) |
| 0:04 | Construir | House |
| 1:15 | Crear | Villager (Male) |
| 1:15 | Crear | Villager (Male) |
| 1:52 | Crear | Villager (Male) |
| 1:52 | Crear | Villager (Male) |
| 2:18 | Construir | Lumber Camp |
| 2:27 | Crear | Villager (Male) |
| 2:27 | Crear | Villager (Male) |
| 2:27 | Crear | Villager (Male) |
| 2:27 | Crear | Villager (Male) |
| 2:54 | Construir | House |
| 3:25 | Crear | Villager (Male) |
| 3:26 | Crear | Villager (Male) |
| 3:26 | Crear | Villager (Male) |
| 3:34 | Crear | Villager (Male) |
| 3:35 | Crear | Villager (Male) |
| 3:56 | Crear | Villager (Male) |
| 3:56 | Crear | Villager (Male) |
| 4:29 | Construir | Mill |
| 5:24 | Crear | Villager (Male) |
| 5:56 | Investigar | Feudal Age |
| 5:56 | Investigar | Feudal Age |
| 6:05 | Investigar | Loom |
| 6:29 | Construir | House |
| 6:34 | Crear | Villager (Male) |
| 7:08 | Construir | Barracks |
| 8:06 | Edad | Edad Feudal |
| 8:07 | Construir | Stable |
| 8:12 | Investigar | Double-Bit Axe |
| 8:12 | Investigar | Double-Bit Axe |
| 8:17 | Crear | Villager (Male) |
| 8:25 | Crear | Spearman |
| 8:45 | Crear | Villager (Male) |
| 8:46 | Crear | Villager (Male) |
| 8:52 | Crear | Scout Cavalry |
| 8:52 | Crear | Scout Cavalry |
| 9:00 | Construir | Mill |
| 9:02 | Crear | Scout Cavalry |
| 9:02 | Crear | Scout Cavalry |
| 9:44 | Construir | House |
| 9:59 | Crear | Villager (Male) |
| 10:09 | Crear | Villager (Male) |
| 10:16 | Construir | Archery Range |
| 10:20 | Construir | Palisade Wall |
| 10:27 | Crear | Villager (Male) |
| 10:38 | Construir | Lumber Camp |
| 11:06 | Crear | Villager (Male) |
| 11:18 | Construir | House |
Build order — Smiling Jimmy
50 acciones detectadas en el replay
| 0:00 | Crear | Villager (Male) |
| 0:01 | Crear | Villager (Male) |
| 0:01 | Crear | Villager (Male) |
| 0:03 | Construir | House |
| 0:04 | Construir | House |
| 0:19 | Crear | Villager (Male) |
| 1:25 | Crear | Villager (Male) |
| 2:11 | Crear | Villager (Male) |
| 2:20 | Construir | Lumber Camp |
| 2:36 | Crear | Villager (Male) |
| 3:04 | Crear | Villager (Male) |
| 3:20 | Crear | Villager (Male) |
| 3:38 | Construir | House |
| 3:58 | Crear | Villager (Male) |
| 3:59 | Crear | Villager (Male) |
| 3:59 | Crear | Villager (Male) |
| 4:43 | Crear | Villager (Male) |
| 5:13 | Construir | Mill |
| 5:23 | Crear | Villager (Male) |
| 5:23 | Crear | Villager (Male) |
| 5:34 | Crear | Villager (Male) |
| 5:35 | Crear | Villager (Male) |
| 5:54 | Construir | House |
| 6:26 | Crear | Villager (Male) |
| 6:27 | Crear | Villager (Male) |
| 6:31 | Crear | Villager (Male) |
| 6:32 | Investigar | Loom |
| 8:03 | Construir | Barracks |
| 8:16 | Investigar | Feudal Age |
| 8:48 | Construir | Palisade Wall |
| 8:49 | Construir | Palisade Wall |
| 9:23 | Crear | Militia |
| 9:23 | Crear | Militia |
| 9:23 | Crear | Militia |
| 9:36 | Edad | Edad Feudal |
| 9:46 | Investigar | Double-Bit Axe |
| 9:52 | Construir | Mining Camp |
| 10:09 | Construir | House |
| 10:17 | Construir | Palisade Wall |
| 10:43 | Crear | Villager (Male) |
| 10:44 | Crear | Villager (Male) |
| 10:47 | Construir | Palisade Wall |
| 10:50 | Construir | Palisade Wall |
| 10:51 | Construir | Palisade Wall |
| 10:57 | Crear | Spearman |
| 11:06 | Crear | Villager (Male) |
| 11:10 | Construir | Farm |
| 11:13 | Construir | Farm |
| 11:13 | Construir | Farm |
| 11:21 | Construir | Mill |
Cronología de la partida
| 7:08 | HellionBlue · first_building Barracks |
| 8:03 | Smiling Jimmy · first_building Barracks |
| 8:06 | HellionBlue · age_up feudal |
| 8:07 | HellionBlue · first_building Stable |
| 8:48 | Smiling Jimmy · wall_segment Palisade Wall x1 |
| 8:49 | Smiling Jimmy · wall_segment Palisade Wall x1 |
| 9:36 | Smiling Jimmy · age_up feudal |
| 10:16 | HellionBlue · first_building Archery Range |
| 10:17 | Smiling Jimmy · wall_segment Palisade Wall x1 |
| 10:20 | HellionBlue · wall_segment Palisade Wall x1 |
| 10:47 | Smiling Jimmy · wall_segment Palisade Wall x1 |
| 10:50 | Smiling Jimmy · wall_segment Palisade Wall x1 |
| 10:51 | Smiling Jimmy · wall_segment Palisade Wall x1 |
| 11:32 | Smiling Jimmy · resign |
[ ANÁLISIS IA · 1 CRÉDITO ]
¿Qué pasó realmente en esta partida?
Wolo.gg analiza cada decisión: build order, eco, micro, errores típicos por bracket. Análisis personalizado por WhatsApp o Discord en 30 segundos.
Guía civ
Mongoles
Perfil
Jugador #2698259